 Dungeon Crawl Stone Soup version 0.28.0-47-ge53b351184 (webtiles) character file.

Game seed: 15133720045881697738

1492 Descartes the Shield-Bearer (level 9, -1/61 HPs)
             Began as a Formicid Warper on May 7, 2022.
             Slain by an ogre
             ... wielding a +0 giant spiked club
              (30 damage)
             ... on level 5 of the Dungeon.
             The game lasted 00:09:20 (7301 turns).

Descartes the Shield-Bearer (Formicid Warper)       Turns: 7301, Time: 00:09:21

Health: -1/61      AC: 14    Str: 20    XL:     9   Next: 7%
Magic:  12/12      EV:  6    Int: 23    God:
Gold:   203        SH:  0    Dex: 13    Spells: 12/12 levels left

rFire   . . .      SeeInvis +   v - +6 whip "Acelomn" {vorpal, Int+4 Dex-3}
rCold   . . .      Faith    .   (no shield)
rNeg    . . .      Spirit   .   r - +0 plate armour
rPois   .          Reflect  .   (helmet unavailable)
rElec   .          Harm     .   e - +0 cloak
rCorr   .          Rampage  .   (no gloves)
Will    .....                   m - +0 pair of boots
Stlth   ..........              K - amulet of regeneration
HPRegen 1.00/turn               u - +6 ring of intelligence
MPRegen 0.13/turn               D - +6 ring of dexterity

@: no status effects
A: permanent stasis, dig shafts and tunnels, antennae 3, four strong arms
a: Dig, Shaft Self


You were on level 5 of the Dungeon.
You visited 2 branches of the dungeon, and saw 6 of its levels.

You collected 203 gold pieces.

Inventory:

Hand Weapons
 a - a +0 mace
 b - a +3 quarterstaff of chaos
 p - a +0 hand crossbow
 v - the +6 whip "Acelomn" (weapon) {vorpal, Int+4 Dex-3}
   (You found it on level 3 of the Dungeon)

   It inflicts extra damage upon your enemies.
   Int:       It affects your intelligence (+4).
   Dex:       It affects your dexterity (-3).
 C - a +1 whip of freezing
Missiles
 c - 4 boomerangs of dispersal (quivered)
 f - 106 stones
 k - 74 arrows
 w - a throwing net
 y - 38 sling bullets
 A - 25 bolts
 B - 3 boomerangs
 G - 3 silver boomerangs
Armour
 e - a +0 cloak (worn)
 m - a +0 pair of boots (worn)
 r - a +0 plate armour (worn)
Jewellery
 u - a +6 ring of intelligence (left hand)
 x - an amulet of reflection
 D - a +6 ring of dexterity (right hand)
 E - a ring of protection from cold
 K - an amulet of regeneration (around neck)
Wands
 o - a wand of polymorph (10)
 t - a wand of paralysis (9)
 L - a wand of flame (21)
Scrolls
 g - a scroll of summoning {unknown}
 h - a scroll of brand weapon {unknown}
 i - 2 scrolls of teleportation {unknown}
 q - 2 scrolls of fear {unknown}
 F - a scroll of enchant weapon {unknown}
Potions
 d - a potion of ambrosia
 j - 2 potions of flight {unknown}
 l - a potion of brilliance
 n - a potion of resistance
 s - a potion of attraction {unknown}
 z - 2 potions of lignification {unknown}
 H - a potion of cancellation {unknown}
 I - a potion of curing {unknown}
 J - a potion of berserk rage {unknown}


   Skills:
 - Level 2.1 Fighting
 + Level 5.0(5.4) Maces & Flails
 + Level 3.2(4.5) Staves
 - Level 1.0 Throwing
 + Level 5.1 Armour
 - Level 1.7 Dodging
 + Level 5.4 Shields
 - Level 2.1 Spellcasting
 + Level 5.0 Translocations
 + Level 3.6 Evocations


You had 12 spell levels left.
You didn't know any spells.
Your spell library contained the following spells:

 Spells                   Type           Power      Damage    Failure   Level
 Gell's Gravitas          Tloc           25%        N/A       75%         3
 Lesser Beckoning         Tloc           25%        N/A       75%         3
 Teleport Other           Tloc           25%        N/A       75%         3
 Manifold Assault         Tloc           25%        N/A       100%        5
 Dispersal                Tloc           12%        N/A       100%        6
 Blink                    Tloc           Unusable   N/A       N/A         2

Dungeon Overview and Level Annotations

Branches:
Dungeon (5/15)             Temple (1/1) D:4

Altars:
Ashenzari
Cheibriados
Dithmenos
Elyvilon
Hepliaklqana
Kikubaaqudgha
Makhleb
Nemelex Xobeh
Okawaru
Ru
Uskayaw
Vehumet
Zin

Portals:
Abyss: D:5

Annotations:
D:5 2 transporters, peepee's ghost, novice TrHu


Innate Abilities, Weirdness & Mutations

You cannot be hasted, slowed, berserked, paralysed or teleported.
You can dig through walls and to a lower floor.
You have a pair of large antennae on your head. (SInv)
Your four strong arms can wield two-handed weapons with a shield.


Message History

You hit the hound.
The hound is severely wounded.
The hound bites you. The hound bites you but does no damage.
You barely miss the hound.
The hound is severely wounded.
The hound barely misses you.
You whack the hound!
You kill the hound!
Your Maces & Flails skill increases to level 5!
No target in view!
No target in view!
No target in view!
No target in view!
No target in view!
You see here a hound corpse.
There is a stone staircase leading down here.
There is a stone staircase leading down here.
An ogre comes into view. It is wielding a +0 giant spiked club.
The ogre shouts!
Found 2 scrolls labelled DATTOL JIFUY.
Found a stone staircase leading down.
The ogre hits you with a +0 giant spiked club!!
You hit the ogre but do no damage. You hit the ogre.
The ogre is moderately wounded.
The ogre hits you with a +0 giant spiked club!
You are too injured to fight recklessly!
You are too injured to fight recklessly!
You are too injured to fight recklessly!
You are too injured to fight recklessly!
You are too injured to fight recklessly!
You are too injured to fight recklessly!
You are too injured to fight recklessly!
You are too injured to fight recklessly!
You are too injured to fight recklessly!
You are too injured to fight recklessly!
An ogre is nearby!
You barely miss the ogre.
The ogre is moderately wounded.
The ogre hits you with a +0 giant spiked club!!
You die...

## #.##.# ..# #.##.# .#
#.# #.##.## #.# #### #.#
#.##..# #.# . ... #.#
#.##..# #.#
..####!##.###.##..####.#
...........##.##.......#
#.>....$................
#.?...O@................
#......................#
........................
....#####..##.....###...
... #..##........... ..
#..##.....####.. . ..
....#.#...# #..
!.#####...# #..)####..
..........# #.........


You could see an ogre.

Vanquished Creatures
  2 black bears
  A necrophage (D:4)
  An ice beast (D:5)
  3 ogres
  2 phantoms (D:4)
  The ghost of manix the Digger, an amateur GrEE (D:3)
  A scorpion (D:5)
  A water moccasin zombie (D:5)
  A bullfrog zombie (D:5)
  3 hounds (D:5)
  An orc priest (D:4)
  Crazy Yiuf (D:3)
  2 iguanas (D:5)
  A centaur skeleton (D:5)
  Ijyb (D:3)
  Natasha (thrice) (D:3)
  An orc wizard (D:5)
  4 adders
  A white imp (D:5)
  3 adder skeletons (D:4)
  2 worms
  5 dart slugs
  12 orcs
  6 bats
  9 endoplasms
  9 giant cockroaches
  8 goblins
  7 hobgoblins
  3 jackals (D:2)
  A quokka (D:4)
  3 ball pythons
  3 frilled lizards (D:2)
  8 kobolds
  6 rats
116 creatures vanquished.

Vanquished Creatures (others)
  4 jackals (D:1)
  A rat (D:1)
5 creatures vanquished.

Grand Total: 121 creatures vanquished

Notes
Turn   | Place    | Note
-------+----------+-------------------------------------------
     0 | D:1      | Descartes the Formicid Warper began the quest for the Orb.
     0 | D:1      | Reached XP level 1. HP: 16/16 MP: 3/3
   347 | D:1      | Reached XP level 2. HP: 22/22 MP: 5/5
   489 | D:1      | Reached skill level 1 in Shields
   780 | D:1      | Found a faded altar of an unknown god.
  1356 | D:2      | Reached XP level 3. HP: 27/27 MP: 6/6
  2115 | D:2      | Found a burning altar of Makhleb.
  2234 | D:2      | Reached XP level 4. HP: 29/33 MP: 7/7
  3019 | D:3      | Found a runed translucent door.
  3020 | D:3      | Noticed Crazy Yiuf
  3325 | D:3      | Killed Crazy Yiuf
  3326 | D:3      | Reached XP level 5. HP: 16/38 MP: 8/8
  3517 | D:3      | Noticed Natasha
  3529 | D:3      | Killed Natasha
  3809 | D:3      | Noticed Natasha
  3838 | D:3      | Killed Natasha
  3929 | D:3      | Noticed Natasha
  4156 | D:3      | Killed Natasha
  4184 | D:3      | Found a broken altar of Ashenzari.
  4198 | D:3      | Noticed Ijyb
  4268 | D:3      | Found a large runed translucent door.
  4269 | D:3      | Found a large runed translucent door.
  4273 | D:3      | Noticed manix's ghost (amateur GrEE)
  4279 | D:3      | Killed Ijyb
  4280 | D:3      | Reached XP level 6. HP: 41/44 MP: 9/9
  4820 | D:3      | Killed manix's ghost
  4821 | D:3      | Reached skill level 1 in Staves
  4827 | D:3      | Identified the +6 whip "Acelomn" {vorpal, Int+4 Dex-3}
  5166 | D:4      | Noticed a black bear
  5183 | D:4      | Killed a black bear
  5184 | D:4      | Reached XP level 7. HP: 29/50 MP: 10/10
  5425 | D:4      | Reached skill level 1 in Evocations
  5559 | D:4      | Found an ancient bone altar of Kikubaaqudgha.
  5923 | D:4      | Reached XP level 8. HP: 56/56 MP: 11/11
  6084 | D:4      | Found a staircase to the Ecumenical Temple.
  6094 | Temple   | Entered the Ecumenical Temple
  6398 | D:5      | Entered Level 5 of the Dungeon
  6576 | D:5      | Found a transporter.
  6580 | D:5      | Found a one-way gate to the infinite horrors of the Abyss.
  6580 | D:5      | Noticed peepee's ghost (novice TrHu)
  6663 | D:5      | Reached skill level 5 in Shields
  6793 | D:5      | Reached skill level 5 in Armour
  6793 | D:5      | Reached XP level 9. HP: 25/61 MP: 12/12
  6976 | D:5      | Found a transporter.
  7149 | D:5      | Found a sparkling altar of Nemelex Xobeh.
  7170 | D:5      | Reached skill level 5 in Translocations
  7219 | D:5      | Reached skill level 5 in Maces & Flails
  7301 | D:5      | Slain by an ogre

Illustrated notes

Levels and vault maps discovered:
D:1:      dpeg_arrival_line_fractal, layout_basic,
          shapermc_ecumenical_altar_acropolis, serial_corexii_hall,
          corexii_hall_statues_i, chequers_hall_statues_wall_a,
          chequers_hall_statues_corner_a, corexii_hall_statues_x,
          roderic_lattice_a, lemuel_flame_loot_1
D:2:      minmay_inner_zag, layout_loops_ring, basic_altar, minmay_circle_x
D:3:      layout_loops_cross, nicolae_ashenzari_skybound,
          ebering_ghost_disaster_area, uniq_crazy_yiuf_cottage, uniq_ijyb,
          uniq_natasha
D:4:      layout_basic, mainiacjoe_overflow_boulevard,
          minmay_temple_entry_statues, minmay_starry_boxes
D:5:      layout_basic, mainiacjoe_overflow_alcove_1,
          gammafunk_ghost_abyssal_escape
Temple:   grunt_temple_mini_profane

Skill      XL: |  1  2  3  4  5  6  7  8  9 |
---------------+----------------------------+-----
Shields        | 1 2 3 4 5 |  5.4
Translocations | 3 4 5 |  5.0
Armour         | 2 3 4 5 |  5.1
Maces & Flails | 3 4 5 |  5.0
Staves         | 1 3 |  3.2
Evocations     | 1 3 |  3.6
Fighting       | |  2.1
Throwing       | |  1.0
Dodging        | |  1.7
Spellcasting   | |  2.1

Action                   |  1- 3 |  4- 6 |  7- 9 || total
-------------------------+-------+-------+-------++-------
Melee: Mace              |   117 |    88 |       ||   205
       Punch             |     1 |     3 |     1 ||     5
       Quarterstaff      |       |    45 |       ||    45
       Whip              |       |    31 |   167 ||   198
Throw: Boomerang         |       |     1 |       ||     1
  Use: Scroll            |       |     4 |       ||     4
       Potion            |       |     1 |       ||     1
Armor: Leather armour    |     9 |       |       ||     9
       Scale mail        |    47 |    27 |       ||    74
       Plate armour      |       |    88 |    92 ||   180
       Skin              |       |     5 |       ||     5
Dodge: Dodged            |    81 |    72 |    36 ||   189
Block: Other             |       |     4 |    16 ||    20
       Reflection        |       |       |     1 ||     1
